[Event "Irish Championship 2026"]
[Site "Talbot Hotel Stillorgan, Co.Dublin, IE"]
[Date "2026.08.09"]
[Round "9"]
[White "Daly, Colm"]
[Black "Murray, Benjamin"]
[Result "0-1"]
[Board "65"]
[TimeControl "40/5400+30:1800+30"]
[WhiteFideId "2500434"]
[BlackFideId "2512963"]
[WhiteElo "2182"]
[BlackElo "2080"]
[WhiteTitle "FM"]
[WhiteClock "0:33:17"]
[BlackClock "0:22:41"]
[Variant "Standard"]
[EndDate "2026.08.09"]
[EndTime "14:06:34"]

1. e4 e6 2. d4 d5 3. Nc3 Bb4 4. e5 c5 5. a3 Bxc3+ 6. bxc3 Ne7 7. Nf3 b6 8. Bb5+ Bd7 9. Bd3 Ba4 10. h4 c4 11. Bf1 h6 12. g3 Kd7 13. h5 Qg8 14. Ra2 Qh7 15. Bh3 Na6 16. O-O g6 17. Bg4 Rag8 18. Kg2 gxh5 19. Bxh5 Nf5 20. Rh1 Nb8 21. Nh4 Ne7 22. Re1 Rg7 23. Kh2 Nbc6 24. Ng2 Nf5 25. Nf4 Rg5 26. Rh1 Ng7 27. Kg2 Qf5 28. Bf3 Ne7 29. Nh5 Nxh5 30. Bxg5 Nxg3 31. Bf6 Nxh1 32. Bxh8 Ng6 33. Bf6 Nf4+ 34. Kxh1 Nd3 35. Qe2 Nc1 36. Bg4 Qf4 37. Qf3 Qxf3+ 38. Bxf3 Nxa2 39. Bh5 Ke8 40. Bg7 Nxc3 41. Bxh6 Bxc2 42. Kg2 Nb5 43. Be3 Nxa3 44. Kg3 b5 45. Bd2 Ba4 46. f4 Nb1 47. Bb4 c3 48. f5 Bc2 49. fxe6 Bg6 50. exf7+ Kxf7 51. e6+ Kf6 52. Bxg6 Kxg6 53. Be7 Kf5 54. Bg5 Kxe6 55. Kf2 b4 56. Ke2 b3 57. Kd3 b2 58. Be7 Kxe7 59. Kc2 Na3+ 0-1

[Event "Irish Championship 2026"]
[Site "Talbot Hotel Stillorgan, Co.Dublin, IE"]
[Date "2026.08.09"]
[Round "9"]
[White "Andrey A. Ivanov"]
[Black "Harding, Tim D"]
[Result "1-0"]
[Board "67"]
[TimeControl "40/5400+30:1800+30"]
[BlackFideId "2500256"]
[WhiteElo "2085"]
[BlackElo "2004"]
[BlackTitle "CM"]
[WhiteClock "1:05:47"]
[BlackClock "0:58:36"]
[Variant "Standard"]
[EndDate "2026.08.09"]
[EndTime "11:20:43"]

1. Nf3 d5 2. d4 Nf6 3. c4 c6 4. Nc3 dxc4 5. a4 e6 6. Ne5 Nbd7 7. Nxc4 Bb4 8. e3 O-O 9. Bd3 c5 10. O-O cxd4 11. exd4 b6 12. Qf3 Ba6 13. Nb5 Rc8 14. Bg5 Be7 15. b3 Nd5 16. Bxe7 Qxe7 17. Nxa7 Ra8 18. Nc6 Qf6 19. Be4 Bb7 20. Bxd5 exd5 21. Qxf6 Nxf6 22. Ne7+ Kh8 23. Nxb6 Ra6 24. a5 1-0

[Event "Irish Championship 2026"]
[Site "Talbot Hotel Stillorgan, Co.Dublin, IE"]
[Date "2026.08.09"]
[Round "9"]
[White "Woods, Yannick"]
[Black "Bartczak, Korneliusz"]
[Result "1-0"]
[Board "68"]
[TimeControl "40/5400+30:1800+30"]
[WhiteFideId "2518384"]
[BlackFideId "2523558"]
[WhiteElo "2118"]
[BlackElo "2062"]
[WhiteClock "0:04:16"]
[BlackClock "0:03:24"]
[Variant "Standard"]
[EndDate "2026.08.09"]
[EndTime "13:29:40"]

1. e4 c6 2. d4 d5 3. e5 Bf5 4. Nf3 e6 5. Be2 Nd7 6. O-O Ne7 7. Nh4 Bg6 8. Nd2 c5 9. c3 Qb6 10. dxc5 Qxc5 11. Nb3 Qc7 12. f4 Nf5 13. Nxf5 Bxf5 14. Be3 a6 15. Rc1 Bc5 16. Nxc5 Nxc5 17. b4 Nd7 18. c4 dxc4 19. Rxc4 Qb8 20. Qd2 g5 21. Rd1 Nf8 22. Bb6 Ng6 23. Rd4 O-O 24. g3 gxf4 25. gxf4 Qe8 26. Bf3 Qb5 27. Rd6 Rac8 28. Bc5 Rfe8 29. Rc1 Nh4 30. Be2 Qa4 31. Bd1 Rxc5 32. Rxc5 Qa3 33. Rc3 Qxb4 34. Rg3+ 1-0

[Event "Irish Championship 2026"]
[Site "Talbot Hotel Stillorgan, Co.Dublin, IE"]
[Date "2026.08.09"]
[Round "9"]
[White "Melaugh, Shane"]
[Black "John P. A. Kennedy"]
[Result "1-0"]
[Board "69"]
[TimeControl "40/5400+30:1800+30"]
[WhiteFideId "2509580"]
[WhiteElo "2157"]
[BlackElo "2012"]
[WhiteTitle "FM"]
[WhiteClock "1:30:54"]
[BlackClock "0:05:31"]
[Variant "Standard"]
[EndDate "2026.08.09"]
[EndTime "13:34:35"]

1. c4 c5 2. Nc3 Nc6 3. g3 e6 4. Bg2 Nf6 5. Nf3 d5 6. cxd5 exd5 7. d4 Be7 8. O-O O-O 9. b3 cxd4 10. Nxd4 Be6 11. Bb2 Qd7 12. Re1 Rad8 13. e3 Rfe8 14. a3 Bf8 15. Nce2 Bg4 16. Rc1 Ne5 17. Qc2 Rc8 18. Qb1 Ne4 19. Rxc8 Qxc8 20. Rc1 Qd7 21. Qc2 Ng5 22. Nf4 Nef3+ 23. Nxf3 Nxf3+ 24. Kh1 Qd6 25. h3 Qh6 26. Qd1 Ne5 27. Qxd5 Nc6 28. Kg1 Be6 29. Nxe6 Rxe6 30. Qb5 Ne7 31. Bd4 Nc6 32. Bxc6 Rxc6 33. Rxc6 Qxc6 34. Qxc6 bxc6 35. b4 a6 36. Kf1 f6 37. Ke2 Kf7 38. Kd3 Ke6 39. Kc4 Bd6 40. Bc5 Be5 41. f4 Bc7 42. Bf8 Kf7 43. Bxg7 Kxg7 44. Kc5 a5 45. Kxc6 axb4 46. axb4 Bb8 47. b5 Kf7 48. b6 f5 49. Kd7 h5 50. b7 Ba7 51. Kc8 Ke6 52. b8=Q Bxb8 53. Kxb8 Kd6 54. Kb7 Kd5 55. Kc7 Ke4 56. Kd6 Kf3 57. Ke5 Kxg3 58. Kxf5 h4 59. Kg5 Kxh3 60. f5 Kg3 61. f6 h3 62. f7 h2 63. f8=Q h1=Q 64. Qf4+ 1-0

[Event "Irish Championship 2026"]
[Site "Talbot Hotel Stillorgan, Co.Dublin, IE"]
[Date "2026.08.09"]
[Round "9"]
[White "Hughes, Padraig"]
[Black "Landmark, Gabriel"]
[Result "0-1"]
[Board "70"]
[TimeControl "40/5400+30:1800+30"]
[WhiteFideId "2505690"]
[BlackFideId "2524848"]
[WhiteElo "2022"]
[BlackElo "1999"]
[WhiteClock "0:10:29"]
[BlackClock "0:44:40"]
[Variant "Standard"]

1. Nf3 Nf6 2. g3 e6 3. Bg2 d5 4. O-O Be7 5. c4 O-O 6. b3 d4 7. Bb2 c5 8. e3 Nc6 9. exd4 cxd4 10. d3 e5 11. Re1 Nd7 12. Ba3 Bxa3 13. Nxa3 Re8 14. Nc2 a5 15. a3 Nc5 16. Rb1 Bf5 17. Bf1 e4 18. Nh4 Qd7 19. dxe4 Nxe4 20. Qd3 Nxg3 21. Nxf5 Nxf5 22. Bh3 g6 23. Rxe8+ Rxe8 24. Ne3 Ne5 25. Ng4 Nxd3 26. Nf6+ Kg7 27. Nxd7 Nh4 28. Bg2 Re7 29. Nb6 Nxg2 30. Kxg2 Re2 31. Rd1 Nxf2 32. Rxd4 Ra2 33. Kf3 Nh3 34. a4 Ng5+ 35. Kg3 Rb2 36. Rd3 Ne4+ 37. Kf4 Nc5 38. Rd5 Ne6+ 39. Ke5 Rxb3 40. Nd7 Rb4 41. Rxa5 Rxc4 42. Ra7 Rb4 43. a5 Rb2 44. Nb6 Rxh2 45. Nc4 Rh5+ 46. Kd6 Rc5 47. Ne5 Rb5 48. a6 Rb6+ 49. Ke7 Rxa6 50. Rxb7 Nc5 0-1

[Event "Irish Championship 2026"]
[Site "Talbot Hotel Stillorgan, Co.Dublin, IE"]
[Date "2026.08.09"]
[Round "9"]
[White "O'Connell, Gerard"]
[Black "Conor O'reilly"]
[Result "1-0"]
[Board "71"]
[TimeControl "40/5400+30:1800+30"]
[WhiteFideId "2500493"]
[WhiteElo "1996"]
[BlackElo "2019"]
[WhiteClock "0:07:46"]
[BlackClock "0:14:08"]
[Variant "Standard"]
[EndDate "2026.08.09"]
[EndTime "13:41:21"]

1. d4 Nf6 2. Nf3 e6 3. c4 d5 4. g3 dxc4 5. Bg2 a6 6. O-O Nc6 7. Nc3 Rb8 8. e4 b5 9. d5 Nb4 10. b3 exd5 11. exd5 cxb3 12. Qxb3 c5 13. dxc6 Be6 14. Re1 Be7 15. Rxe6 fxe6 16. Bf4 Rc8 17. Ng5 O-O 18. Nxe6 Qd3 19. Nxf8+ Kxf8 20. Qe6 Re8 21. Ne4 Qd5 22. Ng5 Qxe6 23. Nxe6+ Kf7 24. Ng5+ Kf8 25. c7 Nbd5 26. Bh3 Nb6 27. Rc1 Nc8 28. Ne6+ Kf7 29. Nd8+ Bxd8 30. cxd8=Q Rxd8 31. Bxc8 a5 32. Bf5 Nd5 33. Bc7 Nxc7 34. Rxc7+ Kf6 35. Bd7 b4 36. Ra7 h6 37. Ra6+ Ke7 38. Bb5 Rd1+ 39. Kg2 Ra1 40. Bc4 Rc1 41. Bb3 Rc5 42. Re6+ Kf8 43. Rd6 Rc7 44. Rd5 Ra7 45. Ba4 Ke7 46. h4 Ke6 47. Rb5 Kf6 48. h5 Ke7 49. g4 Kf6 50. f4 Ke7 51. Kg3 Kf6 52. Kh4 Kf7 53. g5 hxg5+ 54. Kxg5 Kg8 55. Rd5 Ra8 56. Rd6 Kh7 57. Bc2+ Kg8 58. Kg6 Rf8 59. Re6 Ra8 60. Ba4 Kh8 61. Re8+ 1-0

[Event "Irish Championship 2026"]
[Site "Talbot Hotel Stillorgan, Co.Dublin, IE"]
[Date "2026.08.09"]
[Round "9"]
[White "Field, Lila Quinn"]
[Black "Hayes, Peter J."]
[Result "1/2-1/2"]
[Board "72"]
[TimeControl "40/5400+30:1800+30"]
[WhiteFideId "30941334"]
[BlackFideId "2502569"]
[WhiteElo "1898"]
[BlackElo "2073"]
[WhiteClock "0:02:42"]
[BlackClock "0:21:30"]
[Variant "Standard"]
[EndDate "2026.08.09"]
[EndTime "14:37:22"]

1. d4 f5 2. Bg5 g6 3. Nc3 d5 4. Nf3 Bg7 5. h4 c6 6. e3 Be6 7. Be2 Nd7 8. Qd2 Ngf6 9. Bxf6 Nxf6 10. h5 Qc7 11. hxg6 hxg6 12. Rxh8+ Bxh8 13. Ne5 g5 14. O-O-O O-O-O 15. f3 Nd7 16. Nxd7 Bxd7 17. Na4 b6 18. Qb4 e5 19. Ba6+ Kb8 20. Nc5 exd4 21. Nxd7+ Qxd7 22. exd4 Re8 23. Bd3 Qe6 24. c3 Bf6 25. Qa4 g4 26. fxg4 fxg4 27. Kb1 Bg5 28. Rf1 Qe3 29. Qd1 Qg3 30. Be2 Re4 31. Rf8+ Kb7 32. Rg8 Qxg2 33. Bd3 Bh4 34. Bxe4 Qxe4+ 35. Ka1 Qf3 36. Qxf3 gxf3 37. Rg7+ Ka6 38. Rf7 f2 39. Kb1 c5 40. dxc5 bxc5 41. Kc2 Kb5 42. Kd3 a5 43. Ke2 d4 44. cxd4 cxd4 45. Rf4 Be7 46. Rxd4 Bc5 47. Rf4 Kc6 48. Rxf2 Bxf2 49. Kxf2 Kc5 50. Ke3 Kc4 51. Kd2 a4 52. Kc2 Kd4 53. a3 Kc4 54. Kb1 Kb5 55. Kc1 Kc5 56. Kd1 Kd5 57. Ke1 Ke5 58. Kd1 Kd5 59. Kc1 Kc5 60. Kb1 Kd4 1/2-1/2

[Event "Irish Championship 2026"]
[Site "Talbot Hotel Stillorgan, Co.Dublin, IE"]
[Date "2026.08.09"]
[Round "9"]
[White "Freeman, Gordon"]
[Black "Moull, Arthur"]
[Result "0-1"]
[Board "73"]
[TimeControl "40/5400+30:1800+30"]
[WhiteFideId "2501309"]
[BlackFideId "2517426"]
[WhiteElo "2068"]
[BlackElo "1876"]
[WhiteTitle "FM"]
[WhiteClock "0:00:36"]
[BlackClock "0:54:03"]
[Variant "Standard"]
[EndDate "2026.08.09"]
[EndTime "12:36:06"]

1. d4 d5 2. Nf3 Nf6 3. Bg5 Ne4 4. Bf4 c5 5. e3 Qb6 6. Nc3 Qa5 7. Bb5+ Bd7 8. Bxd7+ Nxd7 9. O-O Nxc3 10. bxc3 Rc8 11. Qb1 b6 12. a4 a6 13. Qb2 e6 14. Rfb1 Be7 15. Ne5 Nxe5 16. Bxe5 f6 17. Bg3 Rc6 18. f3 cxd4 19. cxd4 Qd2 20. Qc1 Bb4 21. Qf1 a5 22. c3 Bxc3 23. Qb5 Kd7 24. Be1 Qxe3+ 25. Bf2 Qd2 26. Ra3 Rhc8 27. Kh1 Bxd4 28. Bg3 Ke7 29. Be1 Rc1 0-1

[Event "Irish Championship 2026"]
[Site "Talbot Hotel Stillorgan, Co.Dublin, IE"]
[Date "2026.08.09"]
[Round "9"]
[White "Paibir, Atharva"]
[Black "Healy, John"]
[Result "1-0"]
[Board "74"]
[TimeControl "40/5400+30:1800+30"]
[WhiteFideId "2512882"]
[BlackFideId "2500965"]
[WhiteElo "2067"]
[BlackElo "1928"]
[WhiteClock "0:10:13"]
[BlackClock "0:38:57"]
[Variant "Standard"]
[EndDate "2026.08.09"]
[EndTime "12:44:28"]

1. e4 c5 2. Nf3 Nc6 3. Bb5 e6 4. Bxc6 dxc6 5. d3 Qc7 6. e5 Ne7 7. O-O Nf5 8. Nbd2 b6 9. a4 Be7 10. Nc4 h5 11. Re1 Ba6 12. a5 b5 13. Ncd2 O-O-O 14. Qe2 Nd4 15. Nxd4 cxd4 16. Nf3 Bb4 17. Bd2 Be7 18. b4 Rd5 19. Rab1 Qd8 20. Rec1 Bb7 21. c4 dxc3 22. Rxc3 a6 23. Be3 g5 24. Bb6 Qf8 25. Rbc1 Kd7 26. Qc2 Qc8 27. Bc5 Bxc5 28. Rxc5 g4 29. Ng5 Rxc5 30. Qxc5 Rf8 31. Qd6+ Ke8 32. Nh7 1-0

[Event "Irish Championship 2026"]
[Site "Talbot Hotel Stillorgan, Co.Dublin, IE"]
[Date "2026.08.09"]
[Round "9"]
[White "Ryan, Joshua"]
[Black "Fitzgerald, Niall"]
[Result "0-1"]
[Board "75"]
[TimeControl "40/5400+30:1800+30"]
[WhiteFideId "2516705"]
[BlackFideId "2511185"]
[WhiteElo "1866"]
[BlackElo "1894"]
[WhiteClock "0:39:14"]
[BlackClock "0:01:22"]
[Variant "Standard"]

1. e4 e5 2. Nf3 Nc6 3. Bb5 a6 4. Ba4 Nf6 5. O-O Be7 6. Bxc6 dxc6 7. d3 Qd6 8. Nbd2 b5 9. d4 Nd7 10. Nb3 exd4 11. Nbxd4 c5 12. Nf5 Qxd1 13. Rxd1 Bf6 14. Rb1 Bb7 15. Bf4 O-O-O 16. Ng3 h5 17. h4 Rde8 18. Re1 Bd8 19. Rbd1 f6 20. Nd2 g5 21. hxg5 fxg5 22. Be3 Bf6 23. f3 g4 24. c3 gxf3 25. gxf3 Reg8 26. Kh2 Ne5 27. Rg1 Rd8 28. Bxc5 Rxd2+ 29. Rxd2 Nxf3+ 30. Kh3 Nxd2 31. Re1 h4 32. Nf5 Nxe4 33. Bd4 Bxd4 34. Nxd4 Nf2+ 35. Kh2 h3 36. Rg1 Bg2 37. Re1 Ng4+ 38. Kg1 Rf8 39. b4 Rf2 0-1

[Event "Irish Championship 2026"]
[Site "Talbot Hotel Stillorgan, Co.Dublin, IE"]
[Date "2026.08.09"]
[Round "9"]
[White "Hushpit, Lukian"]
[Black "Singhal, Vivaan"]
[Result "1-0"]
[Board "76"]
[TimeControl "40/5400+30:1800+30"]
[WhiteFideId "14189208"]
[BlackFideId "2516721"]
[WhiteElo "2088"]
[BlackElo "1878"]
[WhiteClock "0:00:58"]
[BlackClock "0:18:49"]
[Variant "Standard"]
[EndDate "2026.08.09"]
[EndTime "14:55:11"]

1. e4 c6 2. d4 d5 3. Nc3 dxe4 4. Nxe4 Nd7 5. Nf3 Ngf6 6. Nxf6+ Nxf6 7. Bd3 Bf5 8. O-O Bxd3 9. Qxd3 e6 10. Re1 Bd6 11. Bg5 Qc7 12. a4 h6 13. Bd2 O-O 14. Rad1 Rad8 15. Qc4 c5 16. dxc5 Qxc5 17. Qxc5 Bxc5 18. h3 Nd5 19. Ne5 Nb4 20. Bxb4 Bxb4 21. c3 Bd6 22. Nf3 Be7 23. Kf1 Rxd1 24. Rxd1 Rd8 25. Ra1 Bf6 26. Ke2 Kf8 27. Ra3 Ke7 28. Rb3 Rd7 29. Nd2 Rc7 30. Rb4 Be5 31. Rb5 Bd6 32. Kd3 b6 33. Nb3 Kd7 34. a5 Kc6 35. c4 Bc5 36. axb6 axb6 37. Nxc5 bxc5 38. Kc3 Rb7 39. Ra5 e5 40. Ra8 f6 41. Rc8+ Kd6 42. h4 Rc7 43. Rd8+ Rd7 44. Rg8 e4 45. h5 Ke5 46. Re8+ Kf4 47. Rc8 e3 48. fxe3+ Kxe3 49. Rxc5 Rd3+ 50. Kb4 Rd2 51. b3 Rxg2 52. Kc3 Ke4 53. Rc8 Rg3+ 54. Kb4 f5 55. Re8 Kd4 56. c5 Kd5 57. Rf8 Ke5 58. Rd8 Rg1 59. Kb5 f4 60. b4 Rc1 61. Rf8 Rc3 62. Kb6 f3 63. c6 Kd6 64. b5 Ke7 65. Rf4 Kd6 66. Kb7 Rc5 67. Kb6 Rc3 68. Rd4 Ke5 69. Rd1 f2 70. c7 Rf3 71. c8=Q Rf6+ 72. Ka5 f1=Q 73. Rxf1 Rxf1 74. Qc5 1-0

[Event "Irish Championship 2026"]
[Site "Talbot Hotel Stillorgan, Co.Dublin, IE"]
[Date "2026.08.09"]
[Round "9"]
[White "Dash, Shaurya"]
[Black "Nichenametla V, Advaith"]
[Result "0-1"]
[Board "77"]
[TimeControl "40/5400+30:1800+30"]
[WhiteFideId "2534789"]
[BlackFideId "2516896"]
[WhiteElo "1751"]
[BlackElo "1943"]
[WhiteClock "0:04:11"]
[BlackClock "0:04:15"]
[Variant "Standard"]
[EndDate "2026.08.09"]
[EndTime "13:36:32"]

1. d4 Nf6 2. c4 e6 3. Nc3 Bb4 4. Qc2 c5 5. dxc5 Bxc5 6. Nf3 O-O 7. g3 Nc6 8. a3 a5 9. Bg2 d6 10. O-O e5 11. Bg5 Qe8 12. Bxf6 gxf6 13. Nd5 Qd8 14. e3 f5 15. Nh4 Qg5 16. Qe2 e4 17. b4 axb4 18. axb4 Rxa1 19. Rxa1 Bxb4 20. Qb2 Qg7 21. Qxg7+ Kxg7 22. Bh3 Bc5 23. Nxf5+ Bxf5 24. Bxf5 Ne5 25. Rb1 Rb8 26. Nc3 Nxc4 27. Nxe4 b5 28. Nxc5 dxc5 29. Rc1 h6 30. Kf1 Kf6 31. g4 Nd2+ 32. Ke2 Nb3 33. Rd1 c4 34. Bc2 Nc5 35. Rd5 Ne6 36. Bf5 b4 37. Bxe6 fxe6 38. Rd1 c3 39. Rc1 Rd8 40. Rc2 Ke5 41. f4+ Kd5 42. Kd3 Kc5+ 43. Ke4 Rd2 0-1

[Event "Irish Championship 2026"]
[Site "Talbot Hotel Stillorgan, Co.Dublin, IE"]
[Date "2026.08.09"]
[Round "9"]
[White "OBrien, James Joseph"]
[Black "Lorigan, Maxim"]
[Result "1/2-1/2"]
[Board "78"]
[TimeControl "40/5400+30:1800+30"]
[WhiteFideId "2518813"]
[BlackFideId "2518198"]
[WhiteElo "1914"]
[BlackElo "1762"]
[WhiteClock "0:25:09"]
[BlackClock "0:18:34"]
[Variant "Standard"]
[EndDate "2026.08.09"]
[EndTime "14:18:29"]

1. e4 Nf6 2. e5 Nd5 3. Nc3 Nb6 4. a4 a5 5. d4 d6 6. Nf3 Bg4 7. exd6 exd6 8. Be2 Be7 9. O-O O-O 10. Ne4 N8d7 11. Re1 d5 12. Ng3 Bf6 13. h3 Bxf3 14. Bxf3 g6 15. Bh6 Bg7 16. Bxg7 Kxg7 17. Ne2 Qf6 18. b3 c6 19. Qd2 Rfe8 20. Nf4 Re7 21. Rxe7 Qxe7 22. g3 Nf6 23. Re1 Qd6 24. h4 Nbd7 25. Re3 b6 26. Qe2 Kf8 27. Nd3 c5 28. dxc5 bxc5 29. Qd2 Ra7 30. Nf4 d4 31. Re1 Ne5 32. Bg2 Nfg4 33. Nd3 Nxd3 34. Qxd3 Re7 35. Rxe7 Qxe7 36. Qe4 Qxe4 37. Bxe4 Ke7 38. Kf1 Kd6 39. Ke2 f5 40. Bd3 Ne5 41. Bc4 Nxc4 42. bxc4 Ke5 43. f3 h6 44. Kd3 g5 45. h5 g4 46. f4+ 1/2-1/2

[Event "Irish Championship 2026"]
[Site "Talbot Hotel Stillorgan, Co.Dublin, IE"]
[Date "2026.08.09"]
[Round "9"]
[White "Fox, Anthony"]
[Black "Burke, Kevin A."]
[Result "1/2-1/2"]
[Board "79"]
[TimeControl "40/5400+30:1800+30"]
[WhiteFideId "2500736"]
[BlackFideId "2501520"]
[WhiteElo "1876"]
[BlackElo "1896"]
[WhiteClock "0:39:18"]
[BlackClock "0:08:52"]
[Variant "Standard"]
[EndDate "2026.08.09"]
[EndTime "13:23:15"]

1. e4 e6 2. d4 d5 3. exd5 exd5 4. Nf3 Bg4 5. h3 Bh5 6. Qe2+ Qe7 7. Be3 Nc6 8. Nc3 O-O-O 9. g4 Bg6 10. O-O-O f6 11. Bg2 Qd7 12. a3 Nge7 13. Nd2 Kb8 14. Nb3 Bf7 15. Nc5 Qc8 16. b4 Ng6 17. Rhe1 Bd6 18. Qd2 Nge7 19. Nb5 b6 20. Nxd6 Rxd6 21. Nb3 Bg6 22. Bf4 Qa6 23. Kb2 Rd7 24. Bf1 Qb7 25. Re3 Nc8 26. Rde1 Nd6 27. Bxd6 Rxd6 28. Bd3 Bxd3 29. Qxd3 Qc8 30. Qe2 a5 31. b5 Nd8 32. a4 Nf7 33. Re7 Rd7 34. Qe6 Rxe7 35. Qxc8+ Kxc8 36. Rxe7 Rf8 37. Nd2 1/2-1/2

[Event "Irish Championship 2026"]
[Site "Talbot Hotel Stillorgan, Co.Dublin, IE"]
[Date "2026.08.09"]
[Round "9"]
[White "Andhurthi, Sreeyan"]
[Black "Stokes, Stephen"]
[Result "1/2-1/2"]
[Board "80"]
[TimeControl "40/5400+30:1800+30"]
[WhiteFideId "2523531"]
[BlackFideId "2503530"]
[WhiteElo "1950"]
[BlackElo "1885"]
[WhiteClock "0:03:15"]
[BlackClock "0:42:03"]
[Variant "Standard"]
[EndDate "2026.08.09"]
[EndTime "14:31:53"]

1. e4 c5 2. b4 cxb4 3. d4 d5 4. exd5 Nf6 5. a3 Nxd5 6. axb4 Nxb4 7. c3 Nd5 8. Nf3 e6 9. Bd3 Qc7 10. Qc2 h6 11. O-O Bd6 12. Bd2 Bd7 13. Na3 Bxa3 14. Rxa3 Nc6 15. Re1 Rc8 16. Qb3 O-O 17. Ne5 Nxe5 18. Rxe5 f6 19. Re1 a6 20. g3 Rfe8 21. Bg6 Red8 22. Bd3 Re8 23. c4 Ne7 24. Bf4 Qc6 25. Raa1 g5 26. Bd2 Kg7 27. Rac1 Rb8 28. d5 Qa4 29. Qxa4 Bxa4 30. Rxe6 Bd7 31. Rb6 Nc8 32. Rb2 Nd6 33. Be3 b5 34. c5 Bf5 35. Bf1 Nf7 36. Ra1 Be4 37. Rxa6 Bxd5 38. Rxb5 Rbc8 39. Rbb6 Ne5 40. Be2 Bc4 41. Bxc4 Nxc4 42. Rxf6 Nxe3 43. fxe3 Rxc5 44. Rg6+ Kh7 45. Rxh6+ Kg7 46. Rhe6 Rd8 47. Ra7+ Kg8 48. Ree7 Rc2 49. Rg7+ Kf8 50. Raf7+ Ke8 51. Rg8+ Kxf7 52. Rxd8 Kf6 53. Rf8+ Ke5 54. Re8+ Kf5 55. e4+ Kg4 56. Rf8 Re2 57. Rf7 Rxe4 58. Kg2 Re2+ 59. Rf2 Rxf2+ 60. Kxf2 Kh3 61. Kf3 Kxh2 62. Kg4 Kg2 63. Kxg5 1/2-1/2

[Event "Irish Championship 2026"]
[Site "Talbot Hotel Stillorgan, Co.Dublin, IE"]
[Date "2026.08.09"]
[Round "9"]
[White "Mulukutla, Ayaansh"]
[Black "Braine, Harry"]
[Result "1/2-1/2"]
[Board "81"]
[TimeControl "40/5400+30:1800+30"]
[WhiteFideId "33391998"]
[BlackFideId "2518570"]
[WhiteElo "1839"]
[BlackElo "1948"]
[WhiteClock "0:22:01"]
[BlackClock "0:26:11"]
[Variant "Standard"]

1. e4 c5 2. Nf3 e6 3. d4 cxd4 4. Nxd4 Nf6 5. Nc3 Nc6 6. a3 Be7 7. Nxc6 bxc6 8. e5 Nd5 9. Qg4 g6 10. Ne4 f5 11. exf6 Nxf6 12. Nxf6+ Bxf6 13. h4 Qa5+ 14. Bd2 Qe5+ 15. Be2 Qxb2 16. Rd1 Qxc2 17. O-O Qf5 18. Qa4 O-O 19. h5 gxh5 20. Bh6 Bg7 21. Bxg7 Kxg7 22. Rd3 Qc5 23. Rg3+ Kh8 24. Qh4 Rb8 25. Rg5 d5 26. Rxh5 1/2-1/2

[Event "Irish Championship 2026"]
[Site "Talbot Hotel Stillorgan, Co.Dublin, IE"]
[Date "2026.08.09"]
[Round "9"]
[White "Heron, Lorcan"]
[Black "Fitzgerald, Martin"]
[Result "1-0"]
[Board "82"]
[TimeControl "40/5400+30:1800+30"]
[WhiteFideId "2529343"]
[BlackFideId "2511177"]
[WhiteElo "1926"]
[BlackElo "1891"]
[WhiteClock "0:26:15"]
[BlackClock "0:21:31"]
[Variant "Standard"]
[EndDate "2026.08.09"]
[EndTime "13:19:39"]

1. d4 Nf6 2. c4 e6 3. Nc3 d5 4. cxd5 exd5 5. Bg5 c6 6. e3 Be7 7. Bd3 Nbd7 8. Nge2 h6 9. Bh4 Nh5 10. Bxe7 Qxe7 11. Qd2 Ndf6 12. f3 g6 13. O-O O-O 14. Rae1 Bd7 15. e4 dxe4 16. fxe4 Kh7 17. Nf4 Nxf4 18. Qxf4 Nh5 19. Qf2 Rad8 20. e5 Be6 21. Ne4 Bd5 22. g4 Bxe4 23. Rxe4 Ng7 24. Rf4 Kg8 25. Bc4 Ne6 26. Rf6 Kg7 27. Bxe6 fxe6 28. Qc2 Rxf6 29. exf6+ Qxf6 30. Rxf6 Kxf6 31. Qc5 Rd5 32. Qxa7 Rg5 33. h3 h5 34. Qxb7 hxg4 35. h4 Rb5 36. Qxc6 Rxb2 37. a4 Rb4 38. d5 1-0

[Event "Irish Championship 2026"]
[Site "Talbot Hotel Stillorgan, Co.Dublin, IE"]
[Date "2026.08.09"]
[Round "9"]
[White "Doolin, Nemhain"]
[Black "Liu, Murray"]
[Result "1-0"]
[Board "83"]
[TimeControl "40/5400+30:1800+30"]
[WhiteFideId "2517230"]
[BlackFideId "2517191"]
[WhiteElo "1915"]
[BlackElo "1885"]
[WhiteClock "0:21:37"]
[BlackClock "0:19:07"]
[Variant "Standard"]
[EndDate "2026.08.09"]
[EndTime "13:29:08"]

1. e4 c5 2. Nc3 d6 3. d4 cxd4 4. Qxd4 Nc6 5. Qd2 Nf6 6. b3 e6 7. Bb2 a6 8. O-O-O b5 9. f3 Be7 10. g4 Nxg4 11. Kb1 Nf6 12. Nge2 Bd7 13. Rg1 b4 14. Na4 Na5 15. Nd4 g6 16. Bd3 e5 17. Ne2 Bxa4 18. bxa4 Nd7 19. Nc1 Nc5 20. Nb3 Nxd3 21. cxd3 Qb6 22. Rc1 h6 23. d4 Nxb3 24. axb3 Bg5 25. Rxg5 hxg5 26. dxe5 dxe5 27. Qd5 O-O 28. Qxe5 f6 29. Qd5+ Kh7 30. Qd7+ Kh6 31. Rc7 Qxc7 32. Qxc7 1-0

[Event "Irish Championship 2026"]
[Site "Talbot Hotel Stillorgan, Co.Dublin, IE"]
[Date "2026.08.09"]
[Round "9"]
[White "Voogt, Declan"]
[Black "Thomas Boby, Aiden"]
[Result "1-0"]
[Board "84"]
[TimeControl "40/5400+30:1800+30"]
[WhiteFideId "2517388"]
[BlackFideId "2535688"]
[WhiteElo "1849"]
[BlackElo "1978"]
[WhiteClock "0:29:28"]
[BlackClock "0:15:13"]
[Variant "Standard"]
[EndDate "2026.08.09"]
[EndTime "14:06:28"]

1. Nf3 c5 2. g3 Nc6 3. Bg2 g6 4. O-O Bg7 5. d3 e6 6. e4 Nge7 7. c3 O-O 8. Bg5 h6 9. Be3 d6 10. Na3 a6 11. Nc2 f5 12. Qd2 Kh7 13. Nfe1 b6 14. exf5 gxf5 15. f4 d5 16. Nf3 Rb8 17. d4 c4 18. Ne5 Nxe5 19. fxe5 Bd7 20. Kh1 b5 21. Bf3 Ng6 22. Bf4 a5 23. a3 Nxf4 24. Qxf4 Qg5 25. Qxg5 hxg5 26. g4 f4 27. Kg2 Kg6 28. Bd1 Kf7 29. Ne1 b4 30. axb4 axb4 31. Ra7 Ke8 32. Nf3 Rh8 33. Rf2 Bh6 34. Ba4 Bxa4 35. Rxa4 Kf7 36. h4 gxh4 37. Kh3 Ra8 1-0

[Event "Irish Championship 2026"]
[Site "Talbot Hotel Stillorgan, Co.Dublin, IE"]
[Date "2026.08.09"]
[Round "9"]
[White "Biswal, Saiansh"]
[Black "Greenan, Darragh"]
[Result "1/2-1/2"]
[Board "85"]
[TimeControl "40/5400+30:1800+30"]
[WhiteFideId "2518155"]
[BlackFideId "2525607"]
[WhiteElo "1824"]
[BlackElo "1786"]
[WhiteClock "0:17:38"]
[BlackClock "0:21:34"]
[Variant "Standard"]
[EndDate "2026.08.09"]
[EndTime "14:00:19"]

1. e4 e6 2. d4 d5 3. e5 c5 4. c3 Nc6 5. Nf3 Bd7 6. Be2 cxd4 7. cxd4 Qb6 8. Nc3 Nge7 9. Rb1 Nf5 10. Be3 f6 11. exf6 gxf6 12. Bd3 Nxe3 13. fxe3 O-O-O 14. a3 e5 15. Nxd5 Qa5+ 16. Nc3 exd4 17. exd4 Bg4 18. b4 Qc7 19. Ne2 Bxf3 20. gxf3 Kb8 21. Be4 Nxd4 22. Nxd4 Qc3+ 23. Qd2 Qxd2+ 24. Kxd2 Rxd4+ 25. Ke3 Rd7 26. Rbc1 Bh6+ 27. f4 Re8 28. Kf3 Rd4 29. Rhe1 f5 30. Bb1 Rxf4+ 31. Kg2 Rg8+ 32. Kh1 Rfg4 33. Bxf5 Bxc1 34. Bxg4 Bxa3 35. Re4 Rg7 36. Rc4 b6 37. b5 Bc5 38. h3 Kc7 39. Ra4 Kd6 40. Re4 Rf7 41. Re1 Rg7 42. Re2 Kd5 43. Bf3+ Kc4 44. Bc6 Rc7 45. Be8 Kd3 46. Re1 Re7 47. Rxe7 Bxe7 48. Bd7 Kc4 49. Kg2 Kc5 50. Kf3 Kd6 51. Be8 1/2-1/2